 Dungeon Crawl Stone Soup version 0.18-a0-1731-g08f49a8 (webtiles) character file.

4254 therodimus the Basher (level 10, -5/94 HPs)
             Began as a Hill Orc Fighter on Apr 11, 2016.
             Was a Priest of Okawaru.
             Slain by an orc warrior
             ... wielding a +0 dire flail
              (17 damage)
             ... on level 7 of the Dungeon.
             The game lasted 00:09:34 (8317 turns).

therodimus the Basher (Hill Orc Fighter)            Turns: 8317, Time: 00:09:35

Health: -5/94      AC: 11    Str: 20    XL:     10   Next: 31%
Magic:  8/10       EV: 11    Int:  8    God:    Okawaru [***...]
Gold:   371        SH: 13    Dex: 13    Spells: 0 memorised, 9 levels left

rFire  . . .     SeeInvis .     i - +0 flail (crush)
rCold  + . .     Gourm    .     b - +0 scale mail
rNeg   + . .     Faith    .     c - +0 shield
rPois  .         Spirit   .     (no helmet)
rElec  .         Dismiss  .     h - +0 cloak
rCorr  .         Reflect  .     (no gloves)
SustAt .         Harm     .     (no boots)
MR     .....                    (no amulet)
Stlth  +.........               q - ring of positive energy
                                (no ring)

@: heroism, not resistant to hostile enchantments, very unstealthy
A: claws 1, large bone plates 1, cold resistance 1, robust 1, slow regeneration
1
a: Heroism, Renounce Religion


You were on level 7 of the Dungeon.
You worshipped Okawaru.
Okawaru was most pleased with you.
You were hungry.

You visited 2 branches of the dungeon, and saw 9 of its levels.

You collected 371 gold pieces.

Inventory:

Hand Weapons
 i - a +0 flail of crushing (weapon)
 K - the +1 long sword "Owiejol" {freeze, rF++ rN+ Int+4, unknown}
   (You found it on level 8 of the Dungeon)

   It has been specially enchanted to freeze those struck by it, causing extra
   injury to most foes and up to half again as much damage against particularly
   susceptible opponents.
   It can also slow down cold-blooded creatures.
   It affects your intelligence (+4).
   It greatly protects you from fire.
   It protects you from negative energy.
Armour
 b - a +0 scale mail (worn)
 c - a +0 shield (worn)
 h - a +0 cloak (worn)
Jewellery
 q - a ring of positive energy (right claw)
 x - an uncursed ring of ice
Wands
 v - a wand of flame (28/48)
 E - a wand of acid (3/15)
 G - a wand of slowing (30/48)
Scrolls
 e - 3 scrolls of remove curse
 j - 3 scrolls of fog {unknown}
 m - 2 scrolls of immolation {unknown}
 n - a scroll of enchant weapon {unknown}
 o - 2 scrolls of noise {unknown}
 s - 2 scrolls of fear {unknown}
 t - a scroll of amnesia {unknown}
 u - 5 scrolls of identify {unknown}
 y - 3 scrolls of teleportation {unknown}
 C - a scroll of recharging {unknown}
Potions
 a - 2 potions of beneficial mutation {unknown}
 d - a potion of brilliance {unknown}
 k - 2 potions of lignification
 l - a potion of mutation
 p - 3 potions of resistance {unknown}
 w - 2 potions of flight {unknown}
 A - 2 potions of curing {unknown}
 F - a potion of degeneration {unknown}
 I - a potion of berserk rage {unknown}
Books
 z - a book of Changes

   Spells                             Type                      Level
   a - Beastly Appendage              Transmutation                1
   b - Sticks to Snakes               Transmutation                2
   c - Spider Form                    Transmutation/Poison         3
   d - Ice Form                       Ice/Transmutation            4
   e - Blade Hands                    Transmutation                5
 B - a book of Ice

   Spells                             Type                      Level
   a - Ice Form                       Ice/Transmutation            4
   b - Metabolic Englaciation         Hexes/Ice                    5
   c - Ozocubu's Refrigeration        Ice                          6
   d - Bolt of Cold                   Conjuration/Ice              6
   e - Freezing Cloud                 Conjuration/Ice/Air          6
   f - Simulacrum                     Ice/Necromancy               6
 J - a book of Envenomations

   Spells                             Type                      Level
   a - Spider Form                    Transmutation/Poison         3
   b - Olgreb's Toxic Radiance        Poison                       4
   c - Alistair's Intoxication        Transmutation/Poison         5
   d - Poisonous Cloud                Conjuration/Poison/Air       6
Comestibles
 f - 3 bread rations
 g - 7 fruits
 r - 3 meat rations
 D - a slice of pizza
 H - 2 royal jellies
 L - 6 chunks of flesh
 M - a beef jerky


   Skills:
 - Level 7.1(12.1) Fighting
 - Level 14.3(19.3) Maces & Flails
 + Level 3.3(8.3) Armour
 + Level 0.2(5.2) Dodging
 + Level 3.4(8.4) Shields
 + Level 0.6 Invocations


You had 9 spell levels left.
You didn't know any spells.

Dungeon Overview and Level Annotations

Branches:
Dungeon (8/15)             Temple (1/1) D:5
   Lair: D:8-11

Altars:
Ashenzari
Cheibriados
Dithmenos
Elyvilon
Fedhas
Gozag
Kikubaaqudgha
Makhleb
Nemelex Xobeh
Okawaru
Pakellas
Qazlal
Ru
Sif Muna
Trog
Vehumet
Xom
Yredelemnul
Zin
The Shining One

Shops:
D:6 :

Annotations:
D:6 Prince Ribbit


Innate Abilities, Weirdness & Mutations

You have sharp fingernails.
You are partially covered in large bone plates (AC +2, SH +2).
Your flesh is cold resistant.
You are robust (+10% HP).
You regenerate slowly when monsters are visible.


Message History

The orc warrior is heavily wounded.
You block the orc warrior's attack.
You hit the orc warrior.
The orc warrior is almost dead.
The orc warrior barely misses you.
You closely miss the orc warrior.
The orc warrior is almost dead.
You hit the orc warrior but do no damage.
The orc warrior is almost dead.
The orc warrior hits you with a dire flail!
You closely miss the orc warrior.
The orc warrior is almost dead.
The orc warrior hits you with a dire flail!
* * * LOW HITPOINT WARNING * * *
You hit the orc warrior but do no damage.
The orc warrior is almost dead.
You closely miss the orc warrior.
The orc warrior is almost dead.
The orc warrior hits you with a dire flail!
You die...

#########..### ##....### ###
##.......# #.# #........##### #.#
#............# ##### # #.#
#.......####.###...# ## #.#
##......####..#....# .## #.#
#...........#.....##
..####.#####...[@o.....).....####
#...................##.##........
#####..##.#........###.....#.####
..##....#.###......# ##.........#
#.##..#.#..#.<...### #.........#
#.##).#..#.#.#.>...####.........#
#.....##.....##.##........[.....#
##...###........###.....#.......#
##..####...###..# ###..##.......#


You could see an orc warrior.

Vanquished Creatures
  Grinder (D:6)
  Sigmund (D:2)
  Eustachio (D:6)
  Menkaure (D:6)
  Edmund (D:4)
  An orc warrior (D:7)
  2 sky beasts
  A phantom (D:5)
  2 ice beasts
  A wasp (D:8)
  11 ogres
  A necrophage (D:5)
  3 centaurs
  Blork the orc (D:4)
  2 giant frogs (D:8)
  A wyvern skeleton (D:6)
  3 scorpions (D:6)
  2 wights (D:8)
  A howler monkey (D:8)
  A centaur zombie (D:6)
  4 crimson imps
  A giant frog zombie (D:6)
  A centaur skeleton (D:4)
  2 jellies
  5 hounds
  Crazy Yiuf (D:4)
  A giant frog skeleton (D:7)
  Natasha (thrice) (D:2)
  An orc wizard (D:3)
  An iguana (D:5)
  8 worker ants
  A hound skeleton (D:6)
  4 gnolls (D:5)
  A howler monkey skeleton (D:6)
  9 adders
  A shadow imp (D:8)
  2 oozes
  2 adder skeletons (D:5)
  4 worms
  A dart slug (D:3)
  3 giant geckos
  15 orcs
  8 giant cockroaches
  8 goblins
  8 hobgoblins
  12 jackals
  4 kobolds
  6 quokkas
  8 bats
  2 giant gecko skeletons
  2 giant newts
  13 rats
180 creatures vanquished.

Notes
Turn   | Place    | Note
--------------------------------------------------------------
     0 | D:1      | therodimus the Hill Orc Fighter began the quest for the Orb.
     0 | D:1      | Reached XP level 1. HP: 19/19 MP: 1/1
   190 | D:1      | Reached XP level 2. HP: 24/27 MP: 2/2
   348 | D:1      | Reached skill level 3 in Maces & Flails
   868 | D:2      | Reached XP level 3. HP: 25/33 MP: 3/3
  1000 | D:2      | Noticed Natasha
  1009 | D:2      | Killed Natasha
  1009 | D:2      | Reached skill level 4 in Maces & Flails
  1009 | D:2      | Reached XP level 4. HP: 29/41 MP: 4/4
  1034 | D:2      | Noticed Natasha
  1043 | D:2      | Killed Natasha
  1056 | D:2      | Noticed Natasha
  1059 | D:2      | HP: 1/41 [Natasha (8)]
  1060 | D:2      | Killed Natasha
  1444 | D:2      | Reached XP level 5. HP: 44/47 MP: 5/5
  1524 | D:2      | Noticed Sigmund
  1529 | D:2      | Gained mutation: You regenerate slowly when monsters are visible. [potion of mutation]
  1529 | D:2      | Gained mutation: You are partially covered in large bone plates (AC +2, SH +2). [potion of mutation]
  1529 | D:2      | Gained mutation: Your body sometimes deteriorates upon taking damage. [potion of mutation]
  1562 | D:2      | Killed Sigmund
  1562 | D:2      | Reached skill level 5 in Fighting
  1562 | D:2      | Reached skill level 6 in Maces & Flails
  1562 | D:2      | Reached XP level 6. HP: 8/56 MP: 6/6
  2407 | D:3      | Reached XP level 7. HP: 52/62 MP: 7/7
  2995 | D:3      | Reached skill level 7 in Maces & Flails
  3590 | D:4      | Noticed Edmund
  3637 | D:4      | Killed Edmund
  4092 | D:4      | Noticed Crazy Yiuf
  4100 | D:4      | Killed Crazy Yiuf
  4209 | D:4      | Reached skill level 8 in Maces & Flails
  4309 | D:4      | Noticed Blork the orc
  4319 | D:4      | Killed Blork the orc
  4319 | D:4      | Reached XP level 8. HP: 67/73 MP: 8/8
  4439 | D:5      | Entered Level 5 of the Dungeon
  4574 | D:5      | Reached skill level 9 in Maces & Flails
  4699 | D:5      | Gained mutation: You have sharp fingernails. [mutagenic meat]
  4700 | D:5      | Gained mutation: Your flesh is cold resistant. [mutagenic meat]
  4701 | D:5      | Lost mutation: Your body sometimes deteriorates upon taking damage. [mutagenic meat]
  4703 | D:5      | Gained mutation: You are robust (+10% HP). [mutagenic meat]
  4906 | D:5      | Reached skill level 10 in Maces & Flails
  5068 | D:5      | Found an ancient bone altar of Kikubaaqudgha.
  5076 | D:5      | Found a snail-covered altar of Cheibriados.
  5466 | D:5      | Found a staircase to the Ecumenical Temple.
  5488 | Temple   | Entered the Ecumenical Temple
  5636 | Temple   | Became a worshipper of Warmaster Okawaru
  5707 | D:6      | Reached XP level 9. HP: 86/86 MP: 9/9
  5739 | D:6      | Found a shadowy altar of Dithmenos.
  5749 | D:6      | Reached skill level 11 in Maces & Flails
  5829 | D:6      | Noticed Grinder
  5849 | D:6      | Paralysed by Grinder for 6 turns
  5863 | D:6      | Killed Grinder
  6072 | D:6      | Found Tipaofu's Book Emporium.
  6106 | D:6      | Noticed Prince Ribbit
  6335 | D:6      | Reached * piety under Okawaru
  6335 | D:6      | Reached skill level 12 in Maces & Flails
  6397 | D:6      | Noticed Menkaure
  6402 | D:6      | Killed Menkaure
  6730 | D:6      | Noticed Eustachio
  6737 | D:6      | Killed Eustachio
  6737 | D:6      | Reached ** piety under Okawaru
  7111 | D:7      | Reached skill level 13 in Maces & Flails
  7296 | D:7      | Reached XP level 10. HP: 85/94 MP: 10/10
  7663 | D:8      | Got a twisted long sword
  7734 | D:8      | Reached skill level 14 in Maces & Flails
  7907 | D:8      | Reached *** piety under Okawaru
  8317 | D:7      | Slain by an orc warrior

Vault maps used:
D:1:      eino_arrival_druids_welcome, minmay_misc_feat_encased
D:2:      uniq_sigmund, uniq_natasha
D:3:      first_bread, hex_medium
D:4:      uniq_edmund, uniq_crazy_yiuf_cottage, uniq_blork_the_orc
D:5:      minitemple, temple_statues, item_on_display_a
D:6:      serial_shops, shop, basic_altar, item_on_display_a,
          uniq_prince_ribbit1, uniq_menkaure, uniq_eustachio, uniq_grinder
Temple:   kilobyte_greek_temple_18

Skill      XL: |  1  2  3  4  5  6  7  8  9 10 |
---------------+-------------------------------+-----
Maces & Flails | 3 4 6 8 10 13 14 | 14.3
Fighting       | 4 5 7 |  7.1
Armour         | |  3.3
Dodging        | |  0.2
Shields        | |  3.4
Invocations    | |  0.6

Action                   |  1- 3 |  4- 6 |  7- 9 | 10-12 || total
-------------------------+-------+-------+-------+-------++-------
Melee: Flail             |   104 |   149 |   462 |   139 ||   854
Invok: Heroism           |       |       |       |     2 ||     2
  Use: Potion            |       |     2 |     1 |       ||     3
       Scroll            |       |       |     3 |       ||     3
  Eat: Chunk             |     1 |     4 |    22 |     3 ||    30
